 Dungeon Crawl Stone Soup version 0.30-a0-578-gdee14c521f (webtiles) character file.

Game seed: 2017497072297362104

282 Newt the Ducker (level 6, -4/47 HPs)
             Began as a Demonspawn Gladiator on Dec 31, 2022.
             Splashed by a jelly's acid (8 damage)
             ... on level 4 of the Dungeon.
             The game lasted 00:04:55 (3651 turns).

Newt the Ducker (Demonspawn Gladiator)              Turns: 3651, Time: 00:04:55

Health: -4/47      AC:  4    Str: 17    XL:     6   Next: 6%
Magic:  6/6        EV: 13    Int:  9    God:
Gold:   185        SH:  0    Dex: 14    Spells: 3/5 levels left

rFire   . . .      SeeInvis .    i - +1 hand axe (venom)
rCold   . . .      Faith    .    (no shield)
rNeg    . . .      Spirit   .    b - +1 leather armour
rPois   .          Reflect  .    c - +0 helmet
rElec   .          Harm     .    (no cloak)
rCorr   .          Rampage  .    (no gloves)
Will    .....                    (no boots)
Stlth   ++                       (no amulet)
HPRegen 0.27/turn                (no ring)
MPRegen 0.10/turn                (no ring)

@: brilliant, corroded
A: slimy green scales 2, foul stench 1
a: no special abilities


You were on level 4 of the Dungeon.
You visited 1 branch of the dungeon, and saw 5 of its levels.

You collected 185 gold pieces.

Inventory:

Hand Weapons
 a - a +0 rapier of electrocution
 i - a +1 hand axe of venom (weapon)
Missiles
 d - 3 throwing nets
 e - a javelin
 j - 6 boomerangs
Armour
 b - a +1 leather armour (worn)
 c - a +0 helmet (worn)
 s - a +1 chain mail of positive energy
Scrolls
 f - a scroll of blinking
 g - 2 scrolls of vulnerability
 h - 3 scrolls of enchant weapon
 p - a scroll of fog
 t - 2 scrolls of teleportation
Potions
 k - a potion of degeneration
 l - a potion of berserk rage
 m - a potion of flight {unknown}
 n - a potion of curing {unknown}
 o - a potion of heal wounds {unknown}
 q - a potion of invisibility {unknown}
 r - a potion of brilliance


   Skills:
 - Level 3.0 Fighting
 - Level 2.6 Short Blades
 - Level 3.0 Throwing
 - Level 3.6 Dodging
 - Level 2.0 Stealth
 + Level 2.9 Transmutations


You had 3 spell levels left.
You knew the following spells:

 Your Spells              Type           Power      Damage    Failure   Level
a - Wereblood             Tmut           7%         N/A       22%         2

Your spell library contained the following spells:

 Spells                   Type           Power      Damage    Failure   Level
 Magic Dart               Conj           0%         1d3       45%         1
 Shock                    Conj/Air       0%         1d3       45%         1
 Call Imp                 Summ           0%         N/A       58%         2
 Sublimation of Blood     Necr           0%         N/A       58%         2
 Mephitic Cloud           Conj/Pois/Air  0%         N/A       83%         3
 Swiftness                Air            0%         N/A       83%         3
 Airstrike                Air            0%         2d(0-16)  99%         4
 Summon Hydra             Summ           0%         N/A       100%        7


Dungeon Overview and Level Annotations

Branches:
Dungeon (5/15)
 Temple: D:4-7

Altars:

Annotations:
D:4 Pikel
D:5 Prince Ribbit


Innate Abilities, Weirdness & Mutations

You are mostly covered in slimy green scales. (AC +3)
You may rarely emit foul miasma when damaged in melee.


Message History

You climb downwards.
Level annotation: Pikel, Prince Ribbit Pikel barely misses you.
The lemure barely misses you. The jelly hits you but does no damage.
Pikel barely misses you. The lemure barely misses you.
The jelly barely misses you.
There is a stone staircase leading up here.
Prince Ribbit asks, "Just a little smooch?"
The lemure hits you. The jelly barely misses you. Pikel misses you.
You climb upwards.
There is a stone staircase leading down here.
You hit the jelly. The acid corrodes you!
Your hands burn!
The jelly is lightly wounded.
You barely miss the lemure. The lemure hits you. The jelly closely misses you.
You hit the jelly.
Your hands burn!
The jelly is moderately wounded.
You hit the lemure.
The lemure is poisoned.
The lemure hits you. The jelly barely misses you.
You hit the jelly.
Your hands burn!
The jelly is moderately wounded.
You hit the lemure but do no damage.
The lemure looks as sick as possible!
The lemure hits you!
The jelly hits you but does no damage. x2
You hit the jelly.
The jelly is poisoned.
Your hands burn!
You punch the jelly, but do no damage.
The jelly is heavily wounded.
You hit Pikel but do no damage.
Pikel is poisoned.
The jelly barely misses you. Pikel barely misses you.
You hit the jelly.
Your hands burn!
The jelly is heavily wounded.
You hit Pikel but do no damage.
Pikel looks as sick as possible!
The jelly hits you but does no damage.
Pikel hits you with a +2 whip of freezing!
* * * LOW HITPOINT WARNING * * *
Pikel freezes you.
* * * LOW HITPOINT WARNING * * *
It was a potion of brilliance.
You feel clever all of a sudden. The jelly hits you.
* * * LOW HITPOINT WARNING * * *
You are splashed with acid!
You die...

#.# #.# # ###.###########.#
# #...............# #
##....############ ##### #
#...#........# #...######
#.>...######.# #.#.......
#..#.## #.# #...######
##..#.#######.##########.##
#............5K@J.....##.#
#.....##..###.#######.##.#
##...####..###.### #.##.#
....#####........# #.##.#
.#.............#.# #.##)#
.#..######.#####.# #.##.#
.#..# #.# #.# #.##.# .#..#
#.# ###.#####.##.#
.#..######.#
#.........<..#######


You could see Pikel (extremely poisoned), a lemure (very poisoned) and a jelly
(very poisoned).

Vanquished Creatures
  2 lemures (D:5)
  A bullfrog (D:3)
  3 orc wizards
  4 adders
  3 dart slugs
  11 orcs
  8 ball pythons
  8 bats
  2 endoplasms
  A giant cockroach (D:4)
  8 goblins
  9 hobgoblins
  4 jackals
  8 kobolds
  6 quokkas
  6 frilled lizards
  4 rats
88 creatures vanquished.

Notes
Turn   | Place    | Note
-------+----------+-------------------------------------------
     0 | D:1      | Newt the Demonspawn Gladiator began the quest for the Orb.
     0 | D:1      | Reached XP level 1. HP: 16/16 MP: 1/1
   175 | D:1      | Reached skill level 1 in Stealth
   530 | D:1      | Gained mutation: You are partially covered in slimy green
                  | scales. (AC +2) [demonic ancestry]
   530 | D:1      | Reached XP level 2. HP: 22/22 MP: 2/2
  1069 | D:2      | Reached XP level 3. HP: 28/28 MP: 3/3
  1533 | D:2      | Gained mutation: You may rarely emit foul miasma when
                  | damaged in melee. [demonic ancestry]
  1533 | D:2      | Reached XP level 4. HP: 35/35 MP: 4/4
  1754 | D:3      | Found a faded altar of an unknown god.
  1754 | D:3      | Noticed a bullfrog
  1768 | D:3      | Killed a bullfrog
  1769 | D:3      | Reached XP level 5. HP: 12/41 MP: 5/5
  2123 | D:3      | Reached skill level 1 in Transmutations
  2163 | D:3      | Learned a level 2 spell: Wereblood
  2845 | D:4      | Gained mutation: You are mostly covered in slimy green
                  | scales. (AC +3) [demonic ancestry]
  2845 | D:4      | Reached XP level 6. HP: 33/47 MP: 6/6
  3498 | D:5      | Entered Level 5 of the Dungeon
  3503 | D:5      | Noticed Prince Ribbit
  3504 | D:5      | Noticed Pikel
  3651 | D:4      | Splashed by a jelly's acid

Illustrated notes

Levels and vault maps discovered:
D:1:      dpeg_arrival_simpleton_b, layout_loops_ring, hangedman_decor_growths,
          kennysheep_decorative_pillar
D:2:      layout_rooms
D:3:      layout_loops_ring, hellmonk_ecumenical_altar_blasted,
          hangedman_decor_clover_reticule, nrook_mini_backslash
D:4:      layout_loops_ring
D:5:      layout_gridville, nicolae_dithmenos_through_a_glass_darkly,
          serial_glass, glass_columns_b, glass_columns_a, uniq_prince_ribbit1,
          uniq_pikel

Skill      XL: |  1  2  3  4  5 |
---------------+----------------+-----
Stealth        | 1 2 |  2.0
Fighting       | 3 |  3.0
Throwing       | 2 3 |  3.0
Dodging        | 3 |  3.6
Transmutations | 2 |  2.9
Short Blades   | |  2.6

Action                   |  1- 3 |  4- 6 || total
-------------------------+-------+-------++-------
Melee: Rapier            |   131 |    42 ||   173
       Punch             |     1 |     2 ||     3
       Hand axe          |       |    96 ||    96
Throw: Javelin           |       |     1 ||     1
       Throwing net      |       |     1 ||     1
 Cast: Wereblood         |       |     1 ||     1
  Use: Scroll            |     4 |    12 ||    16
       Potion            |       |     1 ||     1
 Stab: Sleeping          |     2 |     1 ||     3
Armor: Leather armour    |    67 |    60 ||   127
Dodge: Dodged            |    93 |   106 ||   199

Table legend: (Time is in decaauts)
 A = Elapsed time spent in this place.
 B = Non-inter-level travel time spent in this place.
 C = Inter-level travel time spent in this place.
 D = Time resting spent in this place.
 E = Time spent auto-exploring this place.
 F = Levels seen in this place.
 G = Mean time per level.
                   A        B        C        D        E       F      G
               +--------+--------+--------+--------+--------+-----+--------+
         Total |   3695 |   3520 |    175 |    833 |   1969 |   5 |  739.0 |
       Dungeon |   3695 |   3520 |    175 |    833 |   1969 |   5 |  739.0 |
               +--------+--------+--------+--------+--------+-----+--------+

Top non-repeatable levels by time:
     D:1: 1208 daAuts
     D:3: 977 daAuts
     D:4: 971 daAuts
     D:2: 509 daAuts
     D:5: 28 daAuts
